 Dungeon Crawl Stone Soup version 0.29.1-13-g9f3cf754e1 (webtiles) character file.

Game seed: 16081080664229018895

64 Thatpatchoflichen the Ducker (level 3, -1/30 HPs)
             Began as a Demigod Gladiator on Feb 4, 2023.
             Slain by a steam dragon (8 damage)
             ... on level 4 of the Dungeon.
             The game lasted 00:06:58 (2636 turns).

Thatpatchoflichen the Ducker (Demigod Gladiator)    Turns: 2636, Time: 00:06:59

Health: -1/30      AC:  6    Str: 15    XL:     3   Next: 64%
Magic:  5/5        EV: 16    Int: 10    God:
Gold:   172        SH:  0    Dex: 19    Spells: 2/2 levels left

rFire   . . .      SeeInvis .   a - +0 long sword
rCold   . . .      Faith    .   (no shield)
rNeg    + . .      Spirit   .   o - +0 ring mail
rPois   .          Reflect  .   (no helmet)
rElec   .          Harm     .   u - +0 cloak
rCorr   .          Rampage  .   (no gloves)
Will    .....                   (no boots)
Stlth   +.........              r - amulet of the acrobat
HPRegen 0.10/turn               g - +4 ring of evasion
MPRegen 0.09/turn               n - ring of positive energy

@: no status effects
A: high MP 1, forlorn, divine attributes
a: no special abilities


You were on level 4 of the Dungeon.
You visited 1 branch of the dungeon, and saw 4 of its levels.

You collected 172 gold pieces.

Inventory:

Hand Weapons
 a - a +0 long sword (weapon)
Missiles
 d - 3 throwing nets (quivered)
 e - a javelin
 x - 6 poisoned darts
Armour
 b - a +0 leather armour
 c - a +0 helmet
 o - a +0 ring mail (worn)
 u - a +0 cloak (worn)
 w - a +0 helmet
Jewellery
 g - a +4 ring of evasion (left hand)
 n - a ring of positive energy (right hand)
 r - an amulet of the acrobat (around neck)
Scrolls
 f - 2 scrolls of fear {unknown}
 i - 3 scrolls of noise {unknown}
 j - a scroll of poison {unknown}
 q - 2 scrolls of identify {unknown}
 t - 2 scrolls of torment {unknown}
 v - a scroll of teleportation {unknown}
Potions
 h - a potion of might {unknown}
 k - a potion of attraction {unknown}
 l - a potion of heal wounds {unknown}
 m - a potion of invisibility {unknown}
 p - 2 potions of lignification {unknown}
 s - a potion of haste {unknown}


   Skills:
 + Level 2.6 Fighting
 + Level 3.3 Long Blades
 - Level 1.7 Throwing
 + Level 3.3 Dodging


You had 2 spell levels left.
You didn't know any spells.
Your spell library contained the following spells:

 Spells                   Type           Power      Damage    Failure   Level
 Sting                    Tmut/Pois      0%         1d3       58%         1
 Scorch                   Fire           0%         2d5       75%         2
 Flame Wave               Conj/Fire      0%         2d4       100%        4
 Hailstorm                Conj/Ice       0%         3d3       100%        4
 Metabolic Englaciation   Hex/Ice        0%         N/A       100%        5
 Summon Cactus Giant      Summ           0%         N/A       100%        6
 Ozocubu's Refrigeration  Ice            0%         4d7       100%        7


Dungeon Overview and Level Annotations

Branches:
Dungeon (4/15)
 Temple: D:4-7


Innate Abilities, Weirdness & Mutations

You have an increased reservoir of magic. (+10% MP)
You shall have no god before yourself.
Your divine heritage dramatically boosts your attributes as you level up.


Message History

The steam dragon breathes steam at you. The ball of steam hits you!
Ouch! That really hurt!
Unknown command.
Really walk into that cloud of steam? [Y]es or [N]o only, please.
Really walk into that cloud of steam? [Y]es or [N]o only, please.
Really walk into that cloud of steam? [Y]es or [N]o only, please.
Really walk into that cloud of steam?
Okay, then.
Unknown command.
The steam dragon completely misses you. x2
The steam dragon attacks as you move away!
The steam dragon completely misses you. x2
The steam dragon attacks as you move away!
The steam dragon misses you.
The steam dragon claws you but does no damage.
The steam dragon breathes steam at you. The ball of steam misses you.
A hobgoblin comes into view.
You are engulfed in a cloud of scalding steam.
The hobgoblin shouts!
You hit the hobgoblin.
The hobgoblin is moderately wounded.
The hobgoblin barely misses you.
The hobgoblin hits you but does no damage.
The steam dragon bites you.
* * * LOW HITPOINT WARNING * * *
The steam dragon misses you.
You hit the hobgoblin.
The hobgoblin is heavily wounded.
The hobgoblin misses you. The steam dragon bites you.
* * * LOW HITPOINT WARNING * * *
The steam dragon misses you.
You closely miss the hobgoblin.
The hobgoblin is heavily wounded.
The hobgoblin closely misses you. The steam dragon bites you!
You die...

##### #. #########...# ..
#......##...####.##
###.....<##..(#.....#.###.
.........##...#..#..#.#..
##.......##...##.#......#
##.........†.....#.......
..........#####.@g>....#
###.......#####D####.....
.##..>..(..).##..D.#.####
.####.#'####.#####.#.# .#
#.#.#............# .#
#.#.#.#........### ##
#.#.#.#........#
#####+#...##########
##.......##


You could see a steam dragon and a hobgoblin.

Vanquished Creatures
  An adder (D:3)
  4 orcs (D:4)
  6 bats
  An endoplasm (D:2)
  6 goblins
  3 hobgoblins
  7 jackals (D:2)
  3 quokkas
  3 ball pythons
  2 frilled lizards (D:1)
  4 kobolds
  5 rats
45 creatures vanquished.

Notes
Turn   | Place    | Note
-------+----------+-------------------------------------------
     0 | D:1      | Thatpatchoflichen the Demigod Gladiator began the quest for
                  | the Orb.
     0 | D:1      | Reached XP level 1. HP: 17/17 MP: 3/3
   578 | D:1      | Reached XP level 2. HP: 17/24 MP: 4/4
   858 | D:2      | Identified the +4 ring mail "Owotonk" {rElec rPois Int-3
                  | Dex+2}
  1814 | D:2      | Reached XP level 3. HP: 30/30 MP: 5/5
  2259 | D:3      | Noticed an ogre
  2516 | D:3      | Got the Handbook of Frostbitten Toxicity
  2622 | D:4      | Noticed a steam dragon
  2636 | D:4      | Slain by a steam dragon

Illustrated notes

Levels and vault maps discovered:
D:1:      dpeg_arrival_subterranean_lakeside_camping, layout_rooms,
          hellmonk_ecumenical_altar_zigzags
D:2:      layout_loops_corners, kennysheep_boxes
D:3:      layout_basic, mainiacjoe_overflow_alcove_2, chequers_jeans
D:4:      layout_basic

Skill      XL: |  1  2 |
---------------+-------+-----
Fighting       | 2 |  2.6
Long Blades    | 3 |  3.3
Dodging        | 3 |  3.3
Throwing       | |  1.7

Action                   || total
-------------------------++-------
Melee: Long sword        ||   161
       Punch             ||     2
 Stab: Sleeping          ||     1
Armor: Leather armour    ||    25
       Ring mail         ||    28
Dodge: Dodged            ||   222
